 Dungeon Crawl Stone Soup version 0.28-a0-1236-gb25a51b929 (webtiles) character file.

Game seed: 16370740578507099564

49 freelancePsychic the Magician (level 4, -1/32 HPs)
             Began as a Djinni Earth Elementalist on Dec 26, 2021.
             Slain by a hobgoblin (4 damage)
             ... on level 2 of the Dungeon.
             The game lasted 00:01:24 (1533 turns).

freelancePsychic the Magician (DjEE)                Turns: 1533, Time: 00:01:24

Health: -1/32      AC:  2    Str:  7    XL:     4   Next: 2%
Gold:   25         EV: 12    Int: 19    God:
                   SH:  0    Dex: 13

rFire   + + .      SeeInvis .   f - +1 short sword (venom)
rCold   x . .      Faith    .   (no shield)
rNeg    . . .      Spirit   .   b - +0 robe
rPois   ∞          Reflect  .   (no helmet)
rElec   .          Harm     .   (no cloak)
rCorr   .          Rampage  .   (no gloves)
Will    .....                   (boots unavailable)
Stlth   ++........              (no amulet)
HPRegen 0.10/turn               (no ring)
MPRegen 0.00/turn               (no ring)

@: flying
A: sickness immunity, fire resistance 2, cold vulnerability 1, float, innate
caster, hp casting, extra vitality 1
a: no special abilities


You were on level 2 of the Dungeon.
You visited 1 branch of the dungeon, and saw 2 of its levels.

You collected 25 gold pieces.

Inventory:

Hand Weapons
 f - a +1 short sword of venom (weapon)
Missiles
 c - 39 stones
Armour
 b - a +0 robe (worn)
Scrolls
 d - a scroll of identify {unknown}
 e - a scroll of blinking {unknown}
 h - a scroll of fear {unknown}
 i - a scroll of enchant weapon {unknown}
Potions
 a - a potion of mutation {unknown}
 g - a potion of heal wounds {unknown}


   Skills:
 + Level 1.6 Fighting
 - Level 2.1 Dodging
 - Level 1.5 Stealth
 * Level 3.2 Spellcasting


You couldn't memorise any spells.
You knew the following spells:

 Your Spells              Type           Power      Damage    Failure   Level
a - Sandblast             Erth           30%        2d9       3%          1
b - Passwall              Tmut/Erth      12%        N/A       6%          2
c - Stone Arrow           Conj/Erth      30%        3d8       12%         3
d - Petrify               Tmut/Erth      15%        N/A       36%         4
e - Beastly Appendage     Tmut           30%        N/A       3%          1
Your spell library was empty.

Dungeon Overview and Level Annotations

Branches:
Dungeon (2/15)

Altars:


Innate Abilities, Weirdness & Mutations

You are immune to sickness and miasma.
You are immune to poison.
Your flesh is very heat resistant. (rF++)
You are vulnerable to cold. (rC-)
You float through the air rather than walking.
You learn spells naturally, not from books.
Your magical power is your life essence.
You have superior vitality. (+4 MHP)


Message History

The adder is moderately wounded.
The adder bites you. The hobgoblin closely misses you.
The frilled lizard bites you.
You are too injured to fight recklessly!
You are too injured to fight recklessly!
You are too injured to fight recklessly!
You are too injured to fight recklessly!
You are too injured to fight recklessly!
You are too injured to fight recklessly!
You are too injured to fight recklessly!
You are too injured to fight recklessly!
You are too injured to fight recklessly!
You are too injured to fight recklessly!
You are too injured to fight recklessly!
You are too injured to fight recklessly!
You are too injured to fight recklessly!
Casting: Sandblast (safe; 4% risk of failure)
Confirm with . or Enter, or press ? or * to list all spells.
Aiming: Sandblast (safe; 4% risk of failure)
Press: ? - help, Shift-Dir - straight line, f - adder
Aim: an adder (moderately wounded, very poisoned, 66% to hit)
The blast of sand hits the adder.
The adder is severely wounded.
The adder bites you. The hobgoblin closely misses you.
The adder barely misses you. The frilled lizard bites you.
Casting: Sandblast (safe; 4% risk of failure)
Confirm with . or Enter, or press ? or * to list all spells.
Aiming: Sandblast (safe; 4% risk of failure)
Press: ? - help, Shift-Dir - straight line, f/p - adder
Aim: an adder (almost dead, very poisoned, 66% to hit)
The blast of sand hits the adder!
You kill the adder!
The hobgoblin hits you.
* * * LOW HITPOINT WARNING * * *
The frilled lizard bites you.
* * * LOW HITPOINT WARNING * * *
You have reached level 4!
You feel clever. The hobgoblin hits you.
You die...

######.## #. ####
#.......####. ......
#.......#.... ......
#.......#.##.
......#######.........#..
....................)...
........####........##..
#.......'............
##..@####.......####.
##.####.g.#######.........
#.......l...# #.#######.
....).......# #.# #.
.......)....# # #.
............# #.
#...........# #.
..........### #.
..<.......# ##


You could see a hobgoblin and a frilled lizard.

Vanquished Creatures
  A gnoll (D:1)
  An adder (D:2)
  2 dart slugs
  A bat (D:1)
  4 endoplasms
  3 giant cockroaches
  2 hobgoblins (D:1)
  2 quokkas (D:1)
  A ball python (D:1)
  2 frilled lizards (D:1)
  A goblin (D:2)
  4 kobolds
  A rat (D:2)
25 creatures vanquished.

Notes
Turn   | Place    | Note
-------+----------+-------------------------------------------
     0 | D:1      | freelancePsychic the Djinni Earth Elementalist began the
                  | quest for the Orb.
     0 | D:1      | Reached XP level 1. HP: 15/15 MP: 0/0
   417 | D:1      | Reached skill level 1 in Fighting
   417 | D:1      | Reached XP level 2. HP: 17/22 MP: 0/0
   834 | D:1      | Reached XP level 3. HP: 18/27 MP: 0/0
   834 | D:1      | Learned a level 1 spell: Beastly Appendage
   956 | D:1      | Reached skill level 3 in Spellcasting
  1531 | D:2      | Reached XP level 4. HP: 2/32 MP: 0/0
  1533 | D:2      | Slain by a hobgoblin

Illustrated notes

Levels and vault maps discovered:
D:1:      denvon_arrival_planthouse, layout_basic, grunt_decor_mini_mirrors
D:2:      layout_basic, minmay_pentomino_pile

Skill      XL: |  1  2  3 |
---------------+----------+-----
Fighting       | 1 |  1.6
Spellcasting   | 3 |  3.2
Dodging        | |  2.1
Stealth        | |  1.5

Action                   |  1- 3 |  4- 6 || total
-------------------------+-------+-------++-------
Melee: Unarmed           |    13 |       ||    13
       Short sword       |    48 |       ||    48
 Cast: Sandblast         |    14 |       ||    14
 Stab: Sleeping          |     4 |       ||     4
Armor: Robe              |    11 |       ||    11
Dodge: Dodged            |    44 |       ||    44

Table legend: (Time is in decaauts)
 A = Elapsed time spent in this place.
 B = Non-inter-level travel time spent in this place.
 C = Inter-level travel time spent in this place.
 D = Time resting spent in this place.
 E = Time spent auto-exploring this place.
 F = Levels seen in this place.
 G = Mean time per level.
                   A        B        C        D        E       F      G
               +--------+--------+--------+--------+--------+-----+--------+
         Total |   1538 |   1481 |     57 |     98 |   1197 |   2 |  769.0 |
       Dungeon |   1538 |   1481 |     57 |     98 |   1197 |   2 |  769.0 |
               +--------+--------+--------+--------+--------+-----+--------+

Top non-repeatable levels by time:
     D:1: 1417 daAuts
     D:2: 121 daAuts
